AoeStats
← ¬"M°rph!ne !? .CH

Black Forest

509732080Analyzed
4v4 RM · 4d ago on Sep 27, 2026· 58m 44s· 8 players
Game mode
Random Map
Map size
Large (8 player)
Population
200
Speed
Normal
Resources
Standard
Victory
Conquest
Starting age
Dark Age
Ending age
Imperial Age
RankedLock teamsTeams togetherTeam positionsShared explorationLock speedFull tech treeHidden civsTurbo modeCheats
Victory
Defeat
🇨🇳 Turks · China
1159
+14
🇦🇷 Varangians · Argentina
1104
+17
🇨🇳 Vietnamese · China
1057
+18
🇵🇪 Inca · Peru
1053
+19
🇺🇸 Vietnamese · United States
1151
-18
🇨🇭 Goths · Switzerland
1111
-17
🇩🇪 Britons · Germany
1108
-17
🇺🇸 Teutons · United States
1091
-16
¬"M°rph!ne !? .CH
3:51 Loom
11:12 Feudal Age
11:54 Feudal Age
16:05 Castle Age
13:54 Double-Bit Axe
24:12 Horse Collar
25:30 Heavy Plow
26:42 Bow Saw
28:00 Scale Mail Armor
31:01 Chain Mail Armor
34:04 Imperial Age
33:28 Wheelbarrow
33:05 Forging
33:02 Anarchy
34:31 Squires
35:13 Hand Cart
35:25 Conscription
35:13 Perfusion
36:49 Iron Casting
36:54 Elite Huskarl
39:03 Blast Furnace
37:32 Capped Ram
42:52 Pikeman
47:31 Caravan
erik_k900
0:27 Loom
12:54 Feudal Age
14:11 Wheelbarrow
13:01 Man-at-Arms
14:13 Double-Bit Axe
20:41 Castle Age
25:11 Bow Saw
30:51 Horse Collar
31:57 Hand Cart
32:10 Heavy Plow
33:42 Caravan
37:28 Imperial Age
36:02 Pikeman
37:38 Halberdier
40:41 Cavalier
50:18 Forging
50:08 Scale Mail Armor
55:00 Paladin
Jaeger
3:54 Loom
14:31 Feudal Age
17:45 Castle Age
16:07 Horse Collar
17:31 Bloodlines
17:21 Gold Mining
17:18 Double-Bit Axe
19:09 Light Cavalry
21:36 Wheelbarrow
22:46 Hand Cart
22:51 Bow Saw
24:22 Heavy Plow
27:26 Caravan
29:14 Stone Mining
31:57 Imperial Age
32:27 Stone Shaft Mining
34:42 Paper Money
34:23 Chatras
34:49 Forging
34:44 Scale Barding Armor
35:02 Ballistics
34:25 Treadmill Crane
36:09 Elite Battle Elephant
37:34 Husbandry
38:13 Iron Casting
37:58 Chain Barding Armor
38:09 Sanctity
39:17 Chemistry
xlxzimtxlx1
0:27 Loom
12:26 Feudal Age
17:35 Castle Age
19:34 Fletching
19:49 Padded Archer Armor
20:43 Bodkin Arrow
21:16 Caravan
22:51 Leather Archer Armor
25:26 Horse Collar
26:27 Heavy Plow
27:14 Yeomen
27:16 Town Watch
30:33 Ballistics
30:09 Murder Holes
33:33 Imperial Age
34:06 Elite Longbowman
35:58 Chemistry
35:00 Bracer
35:31 Ring Archer Armor
36:06 Conscription
38:37 Wheelbarrow
38:02 Town Patrol
42:00 Hand Cart
Taikobo
0:46 Loom
15:50 Feudal Age
17:55 Wheelbarrow
23:56 Double-Bit Axe
24:57 Horse Collar
27:02 Stone Mining
30:40 Castle Age
29:00 Stone Mining
29:24 Scale Mail Armor
30:39 Gold Mining
31:08 Forging
31:14 Forging
31:38 Hand Cart
31:52 Bow Saw
32:21 Heavy Plow
34:49 Chain Mail Armor
34:47 Heavy Plow
35:56 Fortified Wall
35:46 Fletching
36:38 Iron Casting
37:07 Gold Mining
39:50 Masonry
40:23 Bodkin Arrow
40:29 Padded Archer Armor
41:19 Murder Holes
42:47 Thumb Ring
43:05 Ballistics
45:06 Gold Shaft Mining
45:01 Guard Tower
46:53 Treadmill Crane
47:12 Town Watch
52:10 Andean Sling
58:07 Stone Shaft Mining
阿森
11:48 Feudal Age
13:16 Loom
18:05 Castle Age
18:51 Double-Bit Axe
18:47 Horse Collar
19:03 Gold Mining
19:03 Stone Mining
20:55 Bow Saw
20:47 Heavy Plow
21:35 Wheelbarrow
28:22 Hand Cart
29:05 Town Watch
29:07 Treadmill Crane
32:38 Imperial Age
32:31 Fletching
32:41 Padded Archer Armor
32:52 Forging
32:42 Scale Mail Armor
32:48 Scale Barding Armor
33:12 Ballistics
32:48 Murder Holes
33:04 Masonry
32:18 Pikeman
32:59 Squires
32:22 Elite Skirmisher
33:08 Thumb Ring
32:54 Arson
33:14 Chatras
33:44 Paper Money
34:29 Chemistry
33:27 Murder Holes
33:43 Masonry
33:31 Bodkin Arrow
33:04 Imperial Skirmisher
33:08 Halberdier
34:48 Husbandry
35:09 Leather Archer Armor
35:26 Bloodlines
34:38 Elite Battle Elephant
35:57 Guilds
36:18 Coinage
36:45 Bombard Tower
36:32 Siege Engineers
37:08 Bracer
38:35 Two-Man Saw
38:08 Crop Rotation
38:48 Chain Barding Armor
39:49 Iron Casting
39:46 Ring Archer Armor
39:52 Iron Casting
40:00 Bombard Tower
47:06 Caravan
47:39 Banking
48:51 Plate Barding Armor
48:32 Chain Mail Armor
51:24 Fortified Wall
51:04 Arrowslits
51:55 Hoardings
55:32 Plate Mail Armor
soy el Nico
11:39 Feudal Age
12:09 Double-Bit Axe
16:51 Castle Age
17:10 Horse Collar
20:30 Bloodlines
23:11 Loom
24:02 Gold Mining
25:45 Husbandry
27:04 Bow Saw
29:02 Fletching
33:53 Imperial Age
31:28 Stone Mining
33:20 Scale Barding Armor
34:28 Wheelbarrow
34:52 Caravan
35:22 Bodkin Arrow
35:51 Chain Barding Armor
37:57 Conscription
37:29 Town Watch
38:50 Heavy Plow
38:20 Cavalier
43:26 Vendel Legacy
44:20 Forging
45:52 Iron Casting
53:05 Murder Holes
53:32 Ballistics
54:25 Masonry
56:50 Plate Barding Armor
56:06 Light Cavalry
逆天小肥猪
10:28 Feudal Age
14:18 Castle Age
13:04 Double-Bit Axe
14:06 Horse Collar
15:21 Bow Saw
18:06 Heavy Plow
17:55 Loom
21:56 Stone Mining
23:50 Gold Mining
24:52 Wheelbarrow
27:13 Gold Shaft Mining
29:47 Imperial Age
27:24 Treadmill Crane
27:54 Masonry
28:27 Town Watch
29:01 Hand Cart
29:27 Scale Barding Armor
29:33 Forging
30:48 Chain Barding Armor
30:36 Artillery
30:59 Conscription
32:03 Two-Man Saw
32:05 Bloodlines
31:56 Husbandry
34:09 Plate Barding Armor
34:09 Iron Casting
34:18 Bombard Tower
34:28 Architecture
36:30 Fletching
37:42 Blast Furnace
38:25 Bodkin Arrow
38:30 Padded Archer Armor
40:09 Bracer
40:25 Leather Archer Armor
40:33 Ballistics
43:21 Guilds
44:10 Ring Archer Armor
44:20 Sipahi
45:09 Scale Mail Armor
46:05 Thumb Ring
45:20 Heavy Cavalry Archer
46:26 Parthian Tactics
Connection lost

Rejoining the realm…

Still unreachable

The connection could not be restored.

Session expired

The server has moved on; the page needs a fresh start.